AoeStats
← Drydaitas

Nomad

509788307Analyzed
2v2 RM · 4d ago on Sep 28, 2026· 51m 56s· 4 players
Game mode
Random Map
Map size
176×176
Population
200
Speed
Normal
Resources
Standard
Victory
Conquest
Starting age
Dark Age
Ending age
Imperial Age
RankedLock teamsTeams togetherTeam positionsShared explorationLock speedFull tech treeHidden civsTurbo modeCheats
Victory
Defeat
🇨🇿 Armenians · Czechia
1378
+11
🇨🇿 Italians · Czechia
1345
+13
🇨🇴 Persians · Colombia
1280
-12
🇲🇽 Spanish · Mexico
1265
-12
[SENSEI] ELPASTORE
4:51 Loom
14:46 Feudal Age
21:50 Castle Age
45:33 Bloodlines
45:23 Husbandry
[SENSEI] feb
13:32 Feudal Age
17:25 Castle Age
15:41 Double-Bit Axe
16:38 Scale Barding Armor
18:55 Forging
19:26 Bow Saw
19:31 Loom
24:41 Wheelbarrow
25:29 Bloodlines
25:19 Husbandry
26:32 Fletching
28:01 Bodkin Arrow
30:34 Horse Collar
35:29 Imperial Age
34:03 Husbandry
35:34 Scale Mail Armor
36:06 Chain Barding Armor
35:34 Cavalier
36:31 Town Watch
37:20 Kamandaran
38:25 Ballistics
37:58 Crossbowman
38:44 Thumb Ring
39:10 Conscription
39:55 Padded Archer Armor
40:36 Plate Barding Armor
40:54 Iron Casting
44:06 Savar
46:04 Thumb Ring
46:38 Leather Archer Armor
48:05 Ring Archer Armor
48:55 Chemistry
49:10 Blast Furnace
49:16 Heavy Plow
Sikfred
5:14 Loom
15:07 Feudal Age
16:33 Double-Bit Axe
20:26 Castle Age
18:19 Fletching
18:43 Stone Mining
19:59 Gold Mining
26:50 Town Watch
27:41 Wheelbarrow
28:45 Padded Archer Armor
30:28 Elite Skirmisher
33:05 Horse Collar
33:41 Bow Saw
34:24 Ballistics
35:31 Scale Barding Armor
36:42 Chain Barding Armor
36:21 Bodkin Arrow
38:38 Wheelbarrow
38:04 Town Patrol
43:11 Imperial Age
43:24 Murder Holes
45:12 Chemistry
47:44 Two-Man Saw
46:48 Heavy Plow
47:28 Stone Shaft Mining
51:24 Elite Genoese Crossbowman
52:26 Conscription
Drydaitas
6:39 Loom
13:01 Feudal Age
13:21 Man-at-Arms
13:57 Double-Bit Axe
14:10 Long Swordsman
14:52 Scale Mail Armor
16:06 Arson
16:51 Gold Mining
17:56 Wheelbarrow
18:48 Pikeman
21:57 Castle Age
20:11 Forging
22:54 Chain Mail Armor
22:02 Two-Handed Swordsman
22:46 Squires
24:18 Gambesons
25:03 Fletching
25:28 Champion
26:13 Horse Collar
28:58 Elite Skirmisher
30:21 Bodkin Arrow
31:12 Bow Saw
31:38 Padded Archer Armor
32:37 Iron Casting
33:34 Gold Shaft Mining
36:24 Imperial Age
35:02 Town Watch
36:08 Hand Cart
37:35 Fereters
38:21 Plate Mail Armor
39:50 Blast Furnace
45:50 Bracer
45:50 Murder Holes
46:40 Masonry
48:46 Chemistry
47:19 Halberdier
48:28 Leather Archer Armor
48:55 Ballistics
50:32 Ring Archer Armor
Connection lost

Rejoining the realm…

Still unreachable

The connection could not be restored.

Session expired

The server has moved on; the page needs a fresh start.